 Dungeon Crawl Stone Soup version 0.17-a0-1168-gbda161f (webtiles) character file.

43 MackTheKnife the Sneak (level 3, -2/21 HPs)
             Began as a Kobold Assassin on May 29, 2015.
             Slain by Grinder (8 damage)
             ... on level 3 of the Dungeon.
             The game lasted 00:02:54 (1400 turns).

MackTheKnife the Sneak (Kobold Assassin)            Turns: 1400, Time: 00:02:54

Health: -2/21      AC:  6    Str:  9      XL:     3   Next: 82%
Magic:  3/3        EV: 13    Int: 10      God:
Gold:   94         SH:  0    Dex: 14 (17) Spells: 0 memorised, 2 levels left

rFire  . . .     SeeInvis .     b - +0 blowgun
rCold  . . .     Clarity  .     i - +0 leather armour
rNeg   . . .     SustAt   .     (shield restricted)
rPois  .         Gourm    .     (no helmet)
rElec  .         Spirit   .     d - +0 cloak
rCorr  +         Warding  .     r - +1 pair of gloves
rMut   .         Stasis   .     (no boots)
MR     .....                    j - amulet of resist corrosion {rCorr, !d}
Stlth  ++++......               (no ring)
                                (no ring)

@: flying, not resistant to hostile enchantments, stealthy
A: carnivore 3
a: no special abilities


You were on level 3 of the Dungeon.
You were completely stuffed.

You visited 1 branch of the dungeon, and saw 3 of its levels.

You collected 94 gold pieces.

Inventory:

Hand weapons
 a - a +3 dagger
 b - a +0 blowgun (weapon)
Missiles
 e - 8 poisoned needles
 f - 6 curare-tipped needles (quivered)
Armour
 d - a +0 cloak (worn)
 i - a +0 leather armour (worn)
   (You found it on level 1 of the Dungeon)
 r - a +1 pair of gloves (worn)
   (You found it on level 2 of the Dungeon)
Jewellery
 j - an amulet of resist corrosion (around neck) {rCorr, !d}
   (You found it on level 1 of the Dungeon)
Scrolls
 k - a scroll of enchant armour
 l - 3 scrolls of identify {unknown}
 p - 3 scrolls of remove curse
Potions
 h - a potion of heal wounds {unknown}
 m - a potion of ambrosia {unknown}
 n - a potion of flight
 o - a potion of haste {unknown}
Comestibles
 c - a beef jerky
 g - 2 meat rations {@e2}
 s - a royal jelly


   Skills:
 - Level 2.1 Fighting
 - Level 2.6 Throwing
 - Level 1.2 Dodging
 + Level 7.2 Stealth


You had 2 spell levels left.
You didn't know any spells.

Dungeon Overview and Level Annotations

Branches:
Dungeon (3/15)

Altars:
Qazlal
Trog
Yredelemnul

Annotations:
D:3 Grinder


Innate Abilities, Weirdness & Mutations

You are small and have problems with some larger weapons.
You are carnivorous and can eat meat at any time.


Message History

The kobold barely misses you.
You barely miss the kobold. The kobold hits you but does no damage.
You barely miss the kobold. You closely miss the kobold.
The kobold hits you with a short sword.
You take 2 damage, and have 19/21 hp.
You hit the kobold. The kobold hits you but does no damage.
You hit the kobold.
You kill the kobold!
You see here 27 stones.
There is a stone staircase leading down here.
Health restored: 21 Read which item? (? for menu, Esc to quit)
As you read the scroll labeled POHUPL RO TUM, it crumbles to dust.
You feel as if something is helping you.
It was a scroll of remove curse.
Read which item? (? for menu, Esc to quit)
As you read the scroll labeled UGACISMOKLI, it crumbles to dust.
It is a scroll of enchant armour.
Enchant which item? (? for menu, Esc to quit)
Your +0 pair of gloves glows green for a moment.
Read which item? (? for menu, Esc to quit)
As you read the scroll labeled YWOYGO KATH, it crumbles to dust.
You hear a loud clanging noise!
It was a scroll of noise.
Read which item? (? for menu, Esc to quit)
As you read the scroll labeled WOUSO QAGY, it crumbles to dust.
You feel aware of your surroundings.
It was a scroll of magic mapping.
Read which item? (? for menu, Esc to quit)
As you read the scroll labeled EGIOHO ICHEY, it crumbles to dust.
It is a scroll of enchant weapon.
Enchant which weapon? (? for menu, Esc to quit)
Your +2 dagger glows red for a moment.
Read which item? (? for menu, Esc to quit)
As you read the scroll labeled AFFOSI YFFOTAL, it crumbles to dust.
You feel strangely unstable.
It was a scroll of teleportation.
You climb downwards.
A kobold and 2 orcs come into view.
Found 18 gold pieces and a scroll of remove curse.
Found a stone staircase leading down.
There is a stone staircase leading up here.
A giant gecko comes into view.
Your surroundings suddenly seem different.
You now have 94 gold pieces (gained 12).
l - 3 scrolls labeled IQONAI YKHLAEM
o - a pink potion
Found a stormy altar of Qazlal.
Found an escape hatch in the floor.
Why would you want to do that?
p - 3 scrolls of remove curse (gained 1)
The floor.
A hobgoblin comes into view.
Found a stone staircase leading down.
A hobgoblin is nearby!
The helpless hobgoblin fails to defend itself.
You impale the hobgoblin!!
You kill the hobgoblin!
No target in view!
Grinder comes into view.
Grinder hits you.
You writhe in agony.
You writhe in agony.
You take 3 damage, and have 18/21 hp.
You hit Grinder. Grinder hits you but does no damage.
Wield which item (- for none, * to show all)? (? for menu, Esc to quit)
b - a +0 blowgun (weapon)
Quiver which item? (- for none, * to show all) (? for menu, Esc to quit)
Quivering
f - 10 curare-tipped needles for blowguns.
Aim: Grinder You shoot a curare-tipped needle.
The curare-tipped needle hits Grinder.
Grinder barely misses you.
Aim: Grinder You shoot a curare-tipped needle.
The curare-tipped needle hits Grinder.
Grinder hits you but does no damage.
Aim: Grinder You shoot a curare-tipped needle.
The curare-tipped needle closely misses Grinder.
Grinder gestures at you.
You suddenly lose the ability to move!
Grinder gestures at you.
You shrug off the repeated paralysis!
Grinder hits you!
You writhe in agony.
* * * LOW HITPOINT WARNING * * *
Grinder rolls his eyes.
Grinder gestures at you.
You shrug off the repeated paralysis!
You can move again.
You take 12 damage, and have 6/21 hp.
MASSIVE DAMAGE!!
Unknown command.
Aim: Grinder You shoot a curare-tipped needle.
The curare-tipped needle hits Grinder.
Unknown command.
Drink which item? (? for menu, Esc to quit)
It was a potion of flight.
You feel very buoyant.
You fly up into the air.
Grinder barely misses you.
Drink which item? (? for menu, Esc to quit)
It was a potion of degeneration.
There was something very wrong with that liquid.
You feel clumsy. Grinder hits you!
You die...

.# #.# #.# #.#
#.# #?#
#######.###.#.#
#>....@.......#
#.#####5###.##
#.# #(# #.# #.#
#.# #.# #.# #.#
#.# #.# #.# #.#
#.# #(# .#


You could see Grinder.

Vanquished Creatures
  4 bats
  2 giant cockroaches
  10 goblins
  7 hobgoblins
  3 jackals (D:2)
  2 quokkas (D:2)
  A ball python (D:1)
  2 giant newts
  4 kobolds
  4 rats
39 creatures vanquished.

Notes
Turn   | Place    | Note
--------------------------------------------------------------
     0 | D:1      | MackTheKnife the Kobold Assassin began the quest for the Orb.
     0 | D:1      | Reached XP level 1. HP: 12/12 MP: 1/1
   198 | D:1      | Reached XP level 2. HP: 17/17 MP: 2/2
   205 | D:1      | Reached skill level 6 in Stealth
   701 | D:1      | Reached XP level 3. HP: 21/21 MP: 3/3
   987 | D:2      | Reached skill level 7 in Stealth
  1017 | D:2      | Found a bloodstained altar of Trog.
  1103 | D:2      | Found a basalt altar of Yredelemnul.
  1353 | D:3      | Found a stormy altar of Qazlal.
  1387 | D:3      | Noticed Grinder
  1393 | D:3      | Paralysed by Grinder for 3 turns
  1400 | D:3      | Slain by Grinder

Vault maps used:
D:1:      minmay_arrival_four_loops
D:2:      lemuel_coloured_pillars_altar, yredelemnul_altar_generic,
          minmay_misc_feat_doors
D:3:      old_standard_altar, nicolae_qazlal_general_emergency, uniq_grinder,
          uniq_sigmund, uniq_jessica, uniq_iyjb

Action                   || total
-------------------------++-------
Melee: Dagger            ||    95
 Fire: Blowgun           ||     7
  Use: Scroll            ||     6
       Potion            ||     2
 Stab: Sleeping          ||    13
       Distracted        ||     1
  Eat: Chunk             ||    10

Vault maps used:
D:1:      minmay_arrival_four_loops
D:2:      lemuel_coloured_pillars_altar, yredelemnul_altar_generic,
          minmay_misc_feat_doors
D:3:      old_standard_altar, nicolae_qazlal_general_emergency, uniq_grinder,
          uniq_sigmund, uniq_jessica, uniq_iyjb

Table legend:
 A = Turns spent in this place as a percentage of turns spent in the entire game.
 B = Non-inter-level travel turns spent in this place as a percentage of non-inter-level travel turns spent in the entire game.
 C = Inter-level travel turns spent in this place as a percentage of turns spent in this place.
 D = Turns resting spent in this place as a percentage of non-inter-level travel turns spent in this place.
 E = Turns spent auto-exploring this place as a percentage of non-inter-level travel turns spent in this place.
 F = Non-inter-level travel turns spent in this place divided by the number of levels of this place that you've seen.
                   A       B       C       D       E      F
               +-------+-------+-------+-------+-------+----------------------
         Total | 100.0 | 100.0 |   0.4 |   0.0 |  11.6 | 149.0
       Dungeon | 100.0 | 100.0 |   0.4 |   0.0 |  11.6 | 149.0
               +-------+-------+-------+-------+-------+----------------------

Table legend:
 A = Kills in this place as a percentage of kills in entire the game.
 B = Kills by you in this place as a percentage of kills by you in the entire game.
 C = Kills by friends in this place as a percentage of kills by friends in the entire game.
 D = Other kills in this place as a percentage of other kills in the entire game.
 E = Experience gained in this place as a percentage of experience gained in the entire game.
 F = Experience gained in this place divided by the number of levels of this place that you have seen.
                   A       B       C       D       E      F
               +-------+-------+-------+-------+-------+----------------------
         Total | 100.0 | 100.0 |  -nan |  -nan | 100.0 |  20.7
       Dungeon | 100.0 | 100.0 |  -nan |  -nan | 100.0 |  20.7
               +-------+-------+-------+-------+-------+----------------------
